 Dungeon Crawl Stone Soup version 0.24.1 (webtiles) character file.

Game seed: 7228538553156050817, levelgen mode: deterministic

256 H0rd4k the Charlatan (level 6, -1/44 HPs)
             Began as a Human Artificer on Apr 7, 2020.
             Slain by a hound (6 damage)
             ... on level 4 of the Dungeon.
             The game lasted 00:06:42 (3339 turns).

H0rd4k the Charlatan (Human Artificer)              Turns: 3339, Time: 00:06:42

Health: -1/44      AC:  5    Str: 14    XL:     6   Next: 38%
Magic:  8/8        EV: 13    Int: 12    God:
Gold:   191        SH:  0    Dex: 13    Spells: 5/5 levels left

rFire    . . .     SeeInvis .   a - +0 short sword
rCold    . . .     Gourm    .   (no shield)
rNeg     . . .     Faith    .   b - +0 leather armour
rPois    .         Spirit   .   r - +1 helmet
rElec    .         Reflect  .   (no cloak)
rCorr    .         Harm     .   (no gloves)
MR       .....                  (no boots)
Stlth    ++........             (no amulet)
HPRegen  0.14/turn              (no ring)
MPRegen  0.11/turn              (no ring)

@: lethally poisoned (-1 -> -2)
A: no striking features
a: no special abilities


You were on level 4 of the Dungeon.
You were very hungry.

You visited 1 branch of the dungeon, and saw 4 of its levels.

You collected 191 gold pieces.

Inventory:

Hand Weapons
 a - a +0 short sword (weapon)
Missiles
 g - 53 poisoned darts (quivered)
Armour
 b - a +0 leather armour (worn)
 r - a +1 helmet (worn)
Jewellery
 i - a +2 ring of dexterity {unknown}
 p - an uncursed ring of poison resistance
Wands
 c - a wand of flame (9)
 d - a wand of enslavement (4)
 e - a wand of random effects (40)
Scrolls
 k - 3 scrolls of immolation {unknown}
 n - 4 scrolls of identify {unknown}
 o - a scroll of remove curse {unknown}
 s - 2 scrolls of magic mapping {unknown}
 t - 4 scrolls of teleportation {unknown}
Potions
 h - a potion of heal wounds {unknown}
 j - 4 potions of curing {unknown}
 l - a potion of lignification {unknown}
 m - a potion of might {unknown}
 q - a potion of brilliance {unknown}
Comestibles
 f - 7 rations


   Skills:
 + Level 1.7 Fighting
 + Level 3.1 Short Blades
 + Level 0.8 Throwing
 + Level 2.3 Armour
 + Level 3.0 Dodging
 + Level 2.0 Stealth
 + Level 3.9 Evocations


You had 5 spell levels left.
You didn't know any spells.
Your spell library was empty.

Dungeon Overview and Level Annotations

Branches:
Dungeon (4/15)
 Temple: D:4-7

Altars:

Annotations:
D:1 exclusion: downstairs


Message History

You are feeling very hungry.
You feel sick. The hound bites you. The hound closely misses you.
You closely miss the hound. The hound bites you.
* * * LOW HITPOINT WARNING * * *
You hit the hound.
The hound is moderately wounded.
The hound barely misses you. The hound misses you.
You closely miss the hound.
The hound is moderately wounded.
The hound bites you.
* * * LOW HITPOINT WARNING * * *
You miss the hound.
The hound is moderately wounded.
You feel sick. The hound barely misses you.
You hit the hound but do no damage.
The hound is moderately wounded.
The hound bites you.
* * * LOW HITPOINT WARNING * * *
The hound bites you.
You die...

.. .. ..# .##.
#.## ... ...
#.##.# #.##..#.#
#.......#
#####.#.#
..#######.#.#
......h@..#.####
.#######.......#
#.......#
#.......##
#........# ....
#........# ...#
. . #........#
...##.
#.###........#
>....
#........###.#


You could see a hound.

Vanquished Creatures
  An orc priest (D:3)
  A hound (D:4)
  An orc wizard (D:3)
  Natasha (D:3)
  A worker ant (D:4)
  Robin (D:1)
  3 adders
  A worm (D:4)
  A dart slug (D:1)
  3 leopard geckos
  4 orcs (D:3)
  7 giant cockroaches
  18 goblins
  10 hobgoblins
  2 jackals (D:2)
  2 quokkas
  3 ball pythons
  6 bats
  6 frilled lizards
  5 kobolds
  A quokka skeleton (D:4)
  6 rats
84 creatures vanquished.

Vanquished Creatures (collateral kills)
  2 orcs (D:3)
  A hobgoblin (D:2)
  A kobold (D:3)
  2 goblins
  2 rats (D:3)
8 creatures vanquished.

Vanquished Creatures (others)
  2 adders (D:2)
  5 toadstools (D:1)
7 creatures vanquished.

Grand Total: 99 creatures vanquished

Notes
Turn   | Place    | Note
-------+----------+-------------------------------------------
     0 | D:1      | H0rd4k the Human Artificer began the quest for the Orb.
     0 | D:1      | Reached XP level 1. HP: 15/15 MP: 3/3
    75 | D:1      | Reached XP level 2. HP: 21/21 MP: 4/4
   623 | D:2      | Noticed Robin
   629 | D:1      | Reached XP level 3. HP: 19/26 MP: 5/5
   728 | D:1      | Killed Robin
   986 | D:2      | Reached XP level 4. HP: 10/32 MP: 6/6
  1633 | D:2      | Reached skill level 1 in Armour
  2050 | D:3      | Reached XP level 5. HP: 13/37 MP: 7/7
  2735 | D:3      | Noticed Natasha
  2819 | D:3      | Killed Natasha
  2819 | D:3      | Reached XP level 6. HP: 27/43 MP: 8/8
  3339 | D:4      | Slain by a hound

Levels and vault maps discovered:
D:1:      ldierk_walled_garden, layout_loops_ring, minmay_statues_item
D:2:      wad_crossroads, layout_basic, uniq_robin
D:3:      layout_loops_ring, minmay_misc_feat_room, minmay_fractal_squares_5,
          uniq_natasha
D:4:      layout_loops_ring, serial_shops, nicolae_shop_statue_plus,
          grunt_decor_cap

Skill      XL: |  1  2  3  4  5  6 |
---------------+-------------------+-----
Short Blades   | 2 3 |  3.1
Armour         | 1 2 |  2.3
Dodging        | 3 |  3.0
Stealth        | 2 |  2.0
Fighting       | |  1.7
Throwing       | |  0.8
Evocations     | |  3.9

Action                   |  1- 3 |  4- 6 || total
-------------------------+-------+-------++-------
Melee: Short sword       |   103 |   209 ||   312
Throw: Dart              |       |     8 ||     8
Evoke: Wand              |     4 |    16 ||    20
 Stab: Sleeping          |     1 |     4 ||     5
       Confused          |     3 |     3 ||     6
       Distracted        |       |     1 ||     1
  Eat: Chunk             |       |     7 ||     7
Armor: Leather armour    |    40 |    55 ||    95
Dodge: Dodged            |    74 |   125 ||   199
